 Dungeon Crawl Stone Soup version 0.29.1-12-g30fa7ad0bf (webtiles) character file.

Game seed: 1328162377749771147

1313 ReploidZero the Nimble (level 8, -10/61 (63) HPs)
             Began as a Merfolk Gladiator on Jan 8, 2023.
             Was a Follower of Wu Jian.
             Mangled by a wight
             ... wielding a +1 dagger of electrocution
              (14 damage)
             ... on level 6 of the Dungeon.
             The game lasted 00:09:26 (5750 turns).

ReploidZero the Nimble (Merfolk Gladiator)          Turns: 5750, Time: 00:09:27

HP:   -10/61 (63)   AC: 13    Str: 14    XL:     8   Next: 58%
MP:   0/8           EV: 16    Int:  8    God:    Wu Jian [*.....]
Gold: 300           SH:  0    Dex: 17    Spells: 7/7 levels left

rFire   + . .      SeeInvis .   k - +3 short sword (venom)
rCold   . . .      Faith    .   (no shield)
rNeg    . . .      Spirit   +   b - +0 leather armour
rPois   .          Reflect  .   c - +0 helmet
rElec   .          Harm     .   v - +1 cloak
rCorr   .          Rampage  .   n - +2 pair of gloves
Will    .....                   (no boots)
Stlth   +.........              f - amulet of guardian spirit
HPRegen 0.20/turn               x - +4 ring of protection
MPRegen 0.11/turn               t - ring of protection from fire

@: lightly drained
A: (nimble swimmer 2), mertail
a: Renounce Religion


You were on level 6 of the Dungeon.
You worshipped Wu Jian.
Wu Jian was aware of your devotion.
You visited 2 branches of the dungeon, and saw 7 of its levels.
You also visited: Sewer.

You collected 300 gold pieces.

Inventory:

Hand Weapons
 a - a +0 long sword
 k - a +3 short sword of venom (weapon)
Missiles
 e - a javelin (quivered)
 m - 18 poisoned darts
 q - 7 boomerangs
 y - 6 atropa-tipped darts
Armour
 b - a +0 leather armour (worn)
 c - a +0 helmet (worn)
 n - a +2 pair of gloves (worn)
 v - a +1 cloak (worn)
Jewellery
 f - an amulet of guardian spirit (around neck)
 t - a ring of protection from fire (right hand)
 x - a +4 ring of protection (left hand)
Wands
 A - a wand of digging (7)
 D - a wand of flame (24)
Scrolls
 h - a scroll of enchant weapon
 j - 3 scrolls of teleportation
 p - a scroll of blinking
 B - 4 scrolls of enchant armour
 C - 2 scrolls of immolation
Potions
 d - a potion of haste
 g - a potion of lignification
 i - a potion of mutation {unknown}
 l - a potion of resistance {unknown}
 o - a potion of flight {unknown}
 r - 2 potions of might {unknown}
 s - a potion of brilliance {unknown}
 u - a potion of attraction {unknown}
 w - a potion of degeneration {unknown}
 z - a potion of magic {unknown}
 E - a potion of heal wounds {unknown}


   Skills:
 + Level 5.6 Fighting
 + Level 6.9 Long Blades
 + Level 5.1 Throwing
 * Level 8.5 Dodging


You had 7 spell levels left.
You didn't know any spells.
Your spell library contained the following spells:

 Spells                   Type           Power      Damage    Failure   Level
 Summon Small Mammal      Summ           0%         N/A       50%         1
 Call Canine Familiar     Summ           0%         N/A       86%         3
 Summon Guardian Golem    Hex/Summ       0%         N/A       86%         3


Dungeon Overview and Level Annotations

Branches:
Dungeon (6/15)             Temple (1/1) D:4           Sewer (visited)

Altars:
Ashenzari
Cheibriados
Dithmenos
Elyvilon
Fedhas
Gozag
Hepliaklqana
Nemelex Xobeh
Qazlal
Ru
Sif Muna
Trog
Uskayaw
Vehumet
Wu Jian
Xom
Zin
The Shining One


Innate Abilities, Weirdness & Mutations

((You are very nimble when in or above water. (Stealth+, EV+, Speed+++)))
Your lower body shifts to a powerful aquatic tail in water.


Message History

You hit the wight.
The wight is lightly damaged.
The wight closely misses you. The wight hits you but does no damage.
You are electrocuted!
You hit the wight.
The wight is lightly damaged.
The wight barely misses you. The wight closely misses you.
You hit the wight but do no damage.
The wight is lightly damaged.
The wight hits you but does no damage. The wight misses you.
You closely miss the wight.
The wight is lightly damaged.
The wight barely misses you. The wight misses you.
You hit the wight.
The wight is lightly damaged.
The wight hits you but does no damage. The wight barely misses you.
You hit the wight.
The wight is moderately damaged.
The wight hits you but does no damage. x2
You barely miss the wight.
The wight is moderately damaged.
The wight hits you from afar with a +0 spear.
The wight hits you with a +1 dagger of electrocution.
You feel drained.
You are electrocuted!!
You are too injured to fight recklessly!
You are too injured to fight recklessly!
You are too injured to fight recklessly!
You spin and attack the wight.
You hit the wight but do no damage.
The wight is moderately damaged.
You spin and attack the wight.
You closely miss the wight.
The wight is moderately damaged.
The wight closely misses you. The wight attacks as you move away!
The wight hits you with a +1 dagger of electrocution.
* * * LOW HITPOINT WARNING * * *
You are electrocuted!
* * * LOW HITPOINT WARNING * * *
The wight attacks as you move away! The wight hits you but does no damage.
You are electrocuted!
You die...

..# #.#.# ### ..# #.#.# ...
#.# #.#.##### . #.#
#######'#...... ..## #.#
#............## ..... #.#
#............+.
......#.#####............##
##...<....................
.......)zz@................
####...####################
#... #... #.#. #### #.#.
...# #.#. ######.# #....#..
#.##.#.#


You could see 2 wights.

Vanquished Creatures
  Pargi (Sewer)
  A sky beast (D:5)
  2 black bears (D:4)
  An ice beast (D:5)
  An ogre (D:5)
  A centaur (D:5)
  A phantom (D:5)
  2 scorpions
  A wight (D:6)
  A howler monkey (D:4)
  2 hounds
  An orc priest (D:5)
  3 iguanas
  3 gnolls (D:4)
  8 adders
  A white imp (D:6)
  2 ufetubi (D:5)
  3 worms
  2 dart slugs
  8 orcs
  7 endoplasms
  A giant cockroach (D:4)
  11 goblins
  13 hobgoblins
  7 jackals
  7 quokkas
  10 ball pythons
  11 bats
  6 frilled lizards
  6 kobolds
  6 rats
130 creatures vanquished.

Notes
Turn   | Place    | Note
-------+----------+-------------------------------------------
     0 | D:1      | ReploidZero the Merfolk Gladiator began the quest for the
                  | Orb.
     0 | D:1      | Reached XP level 1. HP: 16/16 MP: 1/1
   138 | D:1      | Reached XP level 2. HP: 10/23 MP: 2/2
   480 | D:1      | Found a faded altar of an unknown god.
  1178 | D:1      | Reached XP level 3. HP: 28/28 MP: 3/3
  1724 | D:2      | Found a sparkling altar of Nemelex Xobeh.
  1732 | D:2      | Reached XP level 4. HP: 30/34 MP: 4/4
  2476 | D:3      | Reached skill level 5 in Dodging
  2476 | D:3      | Reached XP level 5. HP: 40/41 MP: 5/5
  2606 | D:3      | Found a glowing golden altar of the Shining One.
  3001 | D:4      | Noticed a black bear
  3089 | D:4      | Noticed a black bear
  3100 | D:4      | Killed a black bear
  3101 | D:4      | Reached skill level 5 in Long Blades
  3101 | D:4      | Reached XP level 6. HP: 48/48 MP: 6/6
  3127 | D:4      | Found a staircase to the Ecumenical Temple.
  3478 | D:4      | Killed a black bear
  3479 | D:4      | Reached skill level 6 in Dodging
  3479 | D:4      | Reached XP level 7. HP: 50/55 MP: 7/7
  3713 | Temple   | Entered the Ecumenical Temple
  3799 | Temple   | Became a worshipper of the Wu Jian Council
  4005 | D:5      | Entered Level 5 of the Dungeon
  4097 | D:5      | Found a shimmering blue altar of Sif Muna.
  4429 | D:5      | Reached skill level 7 in Dodging
  4628 | D:5      | Reached skill level 5 in Fighting
  4628 | D:5      | Reached XP level 8. HP: 53/62 MP: 5/8
  4958 | D:5      | Reached skill level 8 in Dodging
  5474 | D:6      | Found a glowing drain.
  5481 | Sewer    | Entered a sewer
  5508 | Sewer    | Noticed Pargi
  5521 | Sewer    | Killed Pargi
  5522 | Sewer    | Reached skill level 5 in Throwing
  5595 | D:6      | Reached * piety under Wu Jian
  5750 | D:6      | Mangled by a wight

Illustrated notes

Levels and vault maps discovered:
D:1:      reono_arrival_mine, layout_basic, shapermc_ecumenical_altar_venn,
          amcnicky_mini_rare_corridor_liquid, hangedman_glass_teeth
D:2:      layout_rooms, basic_altar, minmay_vboxes
D:3:      layout_basic, nicolae_tso_swordbearing_angel
D:4:      layout_basic, minmay_temple_entry_antechambers,
          nicolae_underground_beach
D:5:      layout_basic, lemuel_blue_sif_altar, grunt_ministairs_11
D:6:      layout_basic, mainiacjoe_overflow_brackets,
          gammafunk_temple_overflow_wave, lightli_sewer_entry_pipes,
          serial_shops, shop, shop, uniq_maggie, uniq_grinder, uniq_sigmund
Temple:   nicolae_temple_elliptical

Skill      XL: |  1  2  3  4  5  6  7  8 |
---------------+-------------------------+-----
Long Blades    | 4 5 6 |  6.9
Fighting       | 3 4 5 |  5.6
Throwing       | 3 4 5 |  5.1
Dodging        | 5 6 7 8 |  8.5

Action                   |  1- 3 |  4- 6 |  7- 9 || total
-------------------------+-------+-------+-------++-------
Melee: Long sword        |    43 |       |       ||    43
       Short sword       |    62 |   147 |   200 ||   409
       Punch             |     1 |       |     3 ||     4
       Tailslap          |       |       |     2 ||     2
Throw: Throwing net      |       |     3 |     2 ||     5
       Javelin           |       |       |     1 ||     1
Invok: Lunge             |       |       |     7 ||     7
       Whirlwind         |       |       |     2 ||     2
  Use: Scroll            |       |     5 |     4 ||     9
 Stab: Sleeping          |     1 |     5 |       ||     6
       Held in net/web   |       |     2 |     3 ||     5
Armor: Leather armour    |    38 |    43 |    72 ||   153
Dodge: Dodged            |   121 |   109 |   148 ||   378
